 Dungeon Crawl Stone Soup version 0.18-b1-10-g3f7de93 (webtiles) character file.

3199 dvd the Covert (level 9, -7/41 HPs)
             Began as a Spriggan Enchanter on Apr 29, 2016.
             Was a Priest of Dithmenos.
             Mangled by an orc knight
             ... wielding a +0 halberd
              (22 damage)
             ... in a bailey.
             The game lasted 00:32:33 (9141 turns).

dvd the Covert (Spriggan Enchanter)                 Turns: 9141, Time: 00:32:33

Health: -7/41      AC: 12    Str:  4      XL:     9   Next: 64%
Magic:  11/22      EV: 21    Int: 19 (20) God:    Dithmenos [***...]
Gold:   457        SH:  0    Dex: 15 (16) Spells: 4 memorised, 14 levels left

rFire  . . .     SeeInvis +     k - +2 dagger (protect)
rCold  + . .     Gourm    .     b - +2 robe
rNeg   . . .     Faith    .     (shield restricted)
rPois  .         Spirit   .     (helmet restricted)
rElec  .         Dismiss  .     i - +2 cloak
rCorr  .         Reflect  .     (gloves unavailable)
SustAt .         Harm     .     (boots unavailable)
MR     +....                    (no amulet)
Stlth  ++++++++..               C - ring of protection from cold
                                w - ring of wizardry

@: wreathed by umbra, very quick, somewhat resistant to hostile enchantments,
extraordinarily stealthy
A: unfitting armour, see invisible, herbivore 3, speed 3, slow metabolism 2,
wild magic 1
a: Shadow Step, Renounce Religion


You were in a bailey.
You worshipped Dithmenos.
Dithmenos was most pleased with you.
You were full.

You visited 2 branches of the dungeon, and saw 9 of its levels.
You also visited: Bailey.

You collected 457 gold pieces.

Inventory:

Hand Weapons
 k - a +2 dagger of protection (weapon)
 t - a +2 rapier of venom
Armour
 b - a +2 robe (worn)
 i - a +2 cloak (worn)
Jewellery
 w - a ring of wizardry (left hand)
 C - a ring of protection from cold (right hand)
Wands
 y - a wand of iceblast (6/15)
Scrolls
 e - 6 scrolls of identify
 g - a scroll of amnesia
 p - 2 scrolls of teleportation
 x - 2 scrolls of enchant armour
 z - 3 scrolls of recharging
Potions
 a - a potion of agility
 f - 4 potions of heal wounds
 j - a potion of brilliance
 o - a potion of flight
 q - 6 potions of curing
 r - a potion of mutation
 v - 2 potions of might
 D - a potion of haste
Books
 c - a book of Maledictions

   Spells                             Type                      Level
   a - Corona                         Hexes                        1
   b - Ensorcelled Hibernation        Hexes/Ice                    2
   c - Confuse                        Hexes                        3
   d - Tukima's Dance                 Hexes                        3
   e - Dazzling Spray                 Conjuration/Hexes            3
Comestibles
 d - 3 bread rations
 l - 5 fruits


   Skills:
 + Level 1.2 Fighting
 + Level 2.8 Short Blades
 + Level 6.5 Dodging
 + Level 11.7 Stealth
 + Level 8.8 Spellcasting
 + Level 0.1 Conjurations
 + Level 8.2 Hexes
 + Level 3.5 Ice Magic
 + Level 0.3 Evocations


You had 14 spell levels left.
You knew the following spells:

 Your Spells              Type           Power        Failure   Level  Hunger
a - Tukima's Dance        Hex            ######..     1%          3    None
b - Ensorcelled Hibernat  Hex/Ice        #####.       1%          2    None
c - Confuse               Hex            ######..     1%          3    None
d - Dazzling Spray        Conj/Hex       ####....     4%          3    None


Dungeon Overview and Level Annotations

Branches:
Dungeon (8/15)             Temple (1/1) D:4
   Lair: D:8-11

Altars:
Ashenzari
Cheibriados
Dithmenos
Elyvilon
Fedhas
Gozag
Makhleb
Pakellas
Qazlal
Ru
Sif Muna
Trog
Vehumet
Xom
Yredelemnul
Zin
The Shining One

Shops:
D:7 *


Innate Abilities, Weirdness & Mutations

You are tiny and cannot use many weapons and most armour.
You have supernaturally acute eyesight.
You are a herbivore.
You cover ground extremely quickly.
You need consume almost no food.
Your spells are a little harder to cast, but a little more powerful.


Message History

Found 2 scrolls labeled CUEG OJ FEXIGUL and a scroll of enchant armour.
Aiming: Shadow Step
Press: ? - help, Dir - move target cursor, f - orc knight
Aim: an orc knight, wielding a halberd and wearing a plate armour (resting, umbra)
You step into the orc knight's shadow. 2 orc knights come into view.
Found 2 scrolls of enchant weapon and a scroll labeled CISYEQIUKH.
Found a gate leading back out of this place.
The helpless orc knight fails to defend itself.
You spit the orc knight like a pig!!!
The orc knight is heavily wounded.
The orc knight misses you.
Unknown command.
The orc knight hits you from afar with a halberd!!
Ouch! That really hurt!
You emit a cloud of dark smoke.
The orc knight shouts!
The orc knight hits you from afar with a halberd!!
Ouch! That really hurt!
You die...

#.).....#
##.....##
#'''''#
##...[.##
#....)..#
#.......#
#.......#
#.o.....#
#.§§@...#
#§§§§...#
#§§§??..#
#..???..#
#..???..#
#..o.o..#
##..∩..##
#######


You could see 3 orc knights.

Vanquished Creatures
  The ghost of MTVSty1e the Covered, an amateur HOFi (D:4)
  Prince Ribbit (D:7)
  A phantom (D:8)
  A black bear (D:7)
  3 orc warriors
  6 ogres
  3 centaurs
  A big kobold (D:8)
  A giant frog (D:6)
  2 scorpions
  4 howler monkeys
  2 jellies
  A centaur zombie (D:5)
  A crimson imp (D:5)
  A quasit (D:7)
  A giant frog zombie (D:5)
  4 hounds
  2 orc wizards
  3 orc priests
  2 giant frog skeletons
  2 iguanas
  5 worker ants
  A hound zombie (D:6)
  3 hound skeletons
  4 gnolls
  4 adders
  A shadow imp (D:5)
  An ooze (D:1)
  3 worms
  4 dart slugs
  7 giant geckos
  23 orcs
  2 ball pythons
  2 giant cockroaches (D:3)
  5 hobgoblins
  10 jackals (D:1)
  11 kobolds
  3 quokkas
  5 bats
  5 giant newts
  8 goblins
  A jackal zombie (D:5)
  10 rats
  A butterfly (D:4)
162 creatures vanquished.

Vanquished Creatures (collateral kills)
  4 orc warriors (Bailey)
  An ogre (D:6)
  2 gnolls
  24 orcs
31 creatures vanquished.

Vanquished Creatures (others)
  5 dancing weapons
  4 toadstools (D:1)
9 creatures vanquished.

Grand Total: 202 creatures vanquished

Notes
Turn   | Place    | Note
--------------------------------------------------------------
     0 | D:1      | dvd the Spriggan Enchanter began the quest for the Orb.
     0 | D:1      | Reached XP level 1. HP: 9/9 MP: 5/5
    41 | D:1      | Reached XP level 2. HP: 13/13 MP: 6/6
    45 | D:1      | Learned a level 2 spell: Ensorcelled Hibernation
   609 | D:1      | Reached skill level 5 in Stealth
   637 | D:1      | Reached XP level 3. HP: 16/16 MP: 4/8
  1801 | D:2      | Found a blossoming altar of Fedhas.
  2071 | D:2      | Found a radiant altar of Vehumet.
  2097 | D:2      | Learned a level 3 spell: Confuse
  2287 | D:2      | Reached XP level 4. HP: 21/21 MP: 9/9
  2293 | D:2      | Learned a level 3 spell: Dazzling Spray
  3316 | D:3      | Reached skill level 1 in Ice Magic
  3384 | D:4      | Reached skill level 6 in Stealth
  3384 | D:4      | Reached XP level 5. HP: 24/24 MP: 11/11
  3390 | D:4      | Learned a level 3 spell: Tukima's Dance
  3449 | D:4      | Noticed MTVSty1e's ghost (amateur HOFi)
  3474 | D:4      | Killed MTVSty1e's ghost
  3474 | D:4      | Reached skill level 5 in Hexes
  3474 | D:4      | Reached XP level 6. HP: 28/28 MP: 10/13
  3527 | D:4      | Reached skill level 7 in Stealth
  3944 | D:4      | Found a staircase to the Ecumenical Temple.
  3953 | Temple   | Entered the Ecumenical Temple
  4128 | Temple   | Became a worshipper of Dithmenos the Shadowed
  4190 | D:4      | Reached skill level 5 in Spellcasting
  4190 | D:4      | Reached XP level 7. HP: 32/32 MP: 10/15
  4384 | D:5      | Entered Level 5 of the Dungeon
  4392 | D:5      | Reached skill level 8 in Stealth
  4873 | D:5      | Reached skill level 5 in Dodging
  5371 | D:5      | Reached * piety under Dithmenos
  5431 | D:5      | Reached XP level 8. HP: 37/37 MP: 8/17
  5541 | D:5      | Reached skill level 1 in Fighting
  5735 | D:6      | Reached skill level 9 in Stealth
  5761 | D:6      | Found a snail-covered altar of Cheibriados.
  6150 | D:6      | Found a stormy altar of Qazlal.
  6527 | D:6      | Reached skill level 10 in Stealth
  6793 | D:7      | Found an opulent altar of Gozag.
  6798 | D:7      | Found Gozag's Platinum Reserve.
  6798 | D:7      | Noticed Prince Ribbit
  7060 | D:7      | Found a basalt altar of Yredelemnul.
  7343 | D:7      | Reached XP level 9. HP: 32/41 MP: 10/21
  7365 | D:7      | Reached ** piety under Dithmenos
  7489 | D:7      | Reached skill level 11 in Stealth
  7659 | D:7      | Killed Prince Ribbit
  7843 | D:7      | Found a shattered altar of Ashenzari.
  7967 | D:7      | Noticed a moth of wrath
  7970 | D:7      | Found a bloodstained altar of Trog.
  8456 | D:8      | Found a flagged portal.
  8503 | Bailey   | Entered a bailey
  8678 | Bailey   | Reached *** piety under Dithmenos
  8848 | Bailey   | Gained mutation: Your spells are a little harder to cast, but a little more powerful. [potion of beneficial mutation]
  9120 | Bailey   | Noticed an orc knight
  9137 | Bailey   | Noticed an orc knight
  9137 | Bailey   | Noticed an orc knight
  9141 | Bailey   | Mangled by an orc knight

Skill      XL: |  1  2  3  4  5  6  7  8  9 |
---------------+----------------------------+-----
Hexes          | 4 5 6 7 8 |  8.2
Stealth        | 5 6 7 8 10 11 | 11.7
Spellcasting   | 3 4 5 7 8 |  8.8
Ice Magic      | 1 2 3 |  3.5
Dodging        | 4 5 6 |  6.5
Fighting       | 1 |  1.2
Short Blades   | 2 |  2.8
Conjurations   | |  0.1
Evocations     | |  0.3

Action                   |  1- 3 |  4- 6 |  7- 9 || total
-------------------------+-------+-------+-------++-------
Melee: Dagger            |    69 |   102 |   260 ||   431
 Cast: Ensorcelled Hiber |    38 |    31 |    79 ||   148
       Corona            |     4 |     1 |       ||     5
       Confuse           |       |     6 |    23 ||    29
       Tukima's Dance    |       |       |    38 ||    38
       Dazzling Spray    |       |       |    11 ||    11
Invok: Shadow Step       |       |       |     1 ||     1
Evoke: Wand              |       |       |     4 ||     4
  Use: Scroll            |       |     8 |    11 ||    19
       Potion            |       |       |     8 ||     8
 Stab: Sleeping          |    35 |    24 |    57 ||   116
       Confused          |       |     6 |    11 ||    17
       Invisible         |       |       |     2 ||     2
       Distracted        |       |       |     1 ||     1
  Eat: Fruit             |     1 |       |       ||     1
       Bread ration      |       |     1 |     1 ||     2
       Pizza             |       |       |     2 ||     2
Armor: Robe              |    10 |    12 |    31 ||    53
Dodge: Dodged            |    47 |    66 |   197 ||   310
